AoeStats
← Plutos0101

Arabia

510018827Analyzed
2v2 RM · 4d ago on Sep 29, 2026· 20m 4s· 4 players
Game mode
Random Map
Map size
Medium (4 player)
Population
200
Speed
Normal
Resources
Standard
Victory
Conquest
Starting age
Dark Age
Ending age
Imperial Age
RankedLock teamsTeams togetherTeam positionsShared explorationLock speedFull tech treeHidden civsTurbo modeCheats
Victory
Defeat
🇦🇷 Tatars · Argentina
1333
+13
🇦🇷 Khmer · Argentina
1315
+13
🇻🇳 Saxons · Vietnam
1297
-14
🇨🇱 Saracens · Chile
1225
-12
bina
8:00 Loom
11:17 Feudal Age
13:52 Double-Bit Axe
15:11 Horse Collar
16:06 Fletching
21:56 Castle Age
Plutos0101
EL BASTARDOK SCALONIDAS
3:18 Loom
20:03 Feudal Age
Lord San
10:25 Loom
13:02 Feudal Age
16:42 Castle Age
14:32 Double-Bit Axe
15:51 Fletching
15:43 Horse Collar
16:05 Gold Mining
17:19 Bodkin Arrow
18:30 Man-at-Arms
Connection lost

Rejoining the realm…

Still unreachable

The connection could not be restored.

Session expired

The server has moved on; the page needs a fresh start.